 Dungeon Crawl Stone Soup version 0.25.1-1-g288607f (webtiles) character file.

Game seed: 398066607842747574

179 Janerl the Shield-Bearer (level 5, 0/49 HPs)
             Began as a Deep Dwarf Fighter on July 24, 2020.
             Was an Initiate of Fedhas.
             Slain by Grinder (4 damage)
             ... while paralysed by Grinder
             ... on level 4 of the Dungeon on July 25, 2020.
             The game lasted 00:21:51 (2766 turns).

Janerl the Shield-Bearer (Deep Dwarf Fighter)       Turns: 2766, Time: 00:21:51

Health: 0/49       AC:  5    Str: 20    XL:     5   Next: 32%
Magic:  3/3        EV:  2    Int:  8    God:    Fedhas [......]
Gold:   70         SH:  0    Dex: 13    Spells: 4/4 levels left

rFire    . . .     SeeInvis .   a - +0 war axe
rCold    . . .     Gourm    .   c - +0 kite shield
rNeg     . . .     Faith    .   i - +0 scale mail
rPois    .         Spirit   .   (no helmet)
rElec    .         Reflect  .   (no cloak)
rCorr    .         Harm     .   w - +0 pair of gloves
MR       .....                  (no boots)
Stlth    ..........             (no amulet)
HPRegen  0.00/turn              (no ring)
MPRegen  0.08/turn              (no ring)

@: paralysed, non-regenerating
A: damage resistance, heal wounds, deformed body, sense surroundings 2, no
regeneration
a: Heal Wounds, Renounce Religion


You were on level 4 of the Dungeon.
You worshipped Fedhas.
Fedhas was noncommittal.
You were not hungry.

You visited 1 branch of the dungeon, and saw 4 of its levels.

You collected 70 gold pieces.

Inventory:

Hand Weapons
 a - a +0 war axe (weapon)
 b - a +0 hunting sling
 g - a cursed -1 dagger
 p - a +1 dagger of freezing
Missiles
 e - 192 stones
 j - a poisoned dart (quivered)
 n - 29 sling bullets
Armour
 c - a +0 kite shield (worn)
 i - a +0 scale mail (worn)
 l - a +0 ring mail
 q - a +0 pair of gloves
 w - a +0 pair of gloves (worn)
Jewellery
 o - an uncursed ring of flight {unknown}
 t - a cursed amulet of inaccuracy {unknown}
Wands
 u - a wand of random effects (18)
Scrolls
 h - 5 scrolls of identify
 k - a scroll of teleportation
 r - a scroll of noise {unknown}
Potions
 d - 2 potions of might
 m - 2 potions of lignification {unknown}
 v - a potion of curing
Comestibles
 f - 8 rations
 s - 5 chunks of flesh


   Skills:
 + Level 3.1 Fighting
 + Level 4.0 Axes
 + Level 0.3 Throwing
 + Level 4.1 Armour
 + Level 1.4 Dodging
 + Level 0.3 Stealth
 + Level 4.2 Shields


You had 4 spell levels left.
You didn't know any spells.
Your spell library was empty.

Dungeon Overview and Level Annotations

Branches:
Dungeon (4/15)
 Temple: D:4-7

Altars:
Fedhas

Annotations:
D:4 Grinder


Innate Abilities, Weirdness & Mutations

You are resistant to damage.
You can heal yourself by infusing magical energy.
You passively map the area around you.
You do not regenerate.
Armour fits poorly on your strangely shaped body.


Message History

Grinder is moderately wounded.
You block Grinder's attack.
You hit Grinder.
Grinder is moderately wounded.
Grinder hits you but does no damage. Grinder hits you.
* * * LOW HITPOINT WARNING * * *
You writhe in agony.
You barely miss Grinder.
Grinder is moderately wounded.
Grinder closely misses you.
You barely miss Grinder.
Grinder is moderately wounded.
Grinder gestures at you.
You suddenly lose the ability to move!
Grinder hits you!
* * * LOW HITPOINT WARNING * * *
You writhe in agony.
* * * LOW HITPOINT WARNING * * *
Grinder hits you. x2
You die...
Fedhas appreciates your contribution to the ecosystem.

..........#..............#
..........#+#............#
..............############
............(.#
.......(......#
..........(...#######
#########...........#
#(..(.......# ,,
#.......@5..# ,
#.....(.(...# ,
#(..........# ,
#(..........# ,,,*
*#((......((.# **
,..##+######### , ... , ,
, ..,* , , ,,, * , , ,, ,,
, *


You could see Grinder.

Vanquished Creatures
  2 orc priests (D:3)
  A worker ant (D:4)
  An adder (D:3)
  A worm (D:3)
  3 dart slugs
  A leopard gecko (D:3)
  9 orcs
  8 bats
  7 giant cockroaches
  6 goblins
  6 hobgoblins
  7 jackals
  A quokka (D:3)
  A frilled lizard (D:1)
  A jackal skeleton (D:4)
  10 kobolds
  6 rats
71 creatures vanquished.

Notes
Turn   | Place    | Note
-------+----------+-------------------------------------------
     0 | D:1      | Janerl the Deep Dwarf Fighter began the quest for the Orb.
     0 | D:1      | Reached XP level 1. HP: 20/20 MP: 1/1
    75 | D:1      | Reached XP level 2. HP: 27/27 MP: 2/2
   528 | D:1      | Reached XP level 3. HP: 30/34 MP: 3/3
  1570 | D:3      | Reached XP level 4. HP: 16/42 MP: 4/4
  1845 | D:3      | Gained mutation: Armour fits poorly on your strangely
                  | shaped body. [potion of mutation]
  1845 | D:3      | Gained mutation: You passively map the area around you.
                  | [potion of mutation]
  2134 | D:3      | Found a blossoming altar of Fedhas.
  2168 | D:3      | Became a worshipper of Fedhas Madash
  2339 | D:3      | Reached skill level 1 in Dodging
  2339 | D:3      | Reached XP level 5. HP: 17/49 MP: 5/5
  2687 | D:4      | Noticed Grinder
  2716 | D:4      | Paralysed by Grinder for 2 turns
  2736 | D:4      | Paralysed by Grinder for 3 turns
  2746 | D:4      | Paralysed by Grinder for 2 turns
  2755 | D:4      | Paralysed by Grinder for 6 turns
  2764 | D:4      | Paralysed by Grinder for 6 turns
  2766 | D:4      | Slain by Grinder

Illustrated notes

Levels and vault maps discovered:
D:1:      nzn_arrival_water_spiral, layout_rooms
D:2:      wander_river, layout_loops_corners, first_ration, minmay_ruptured
D:3:      layout_loops_corners, fedhas_altar_fruit_tree
D:4:      layout_gridville, uniq_grinder, uniq_natasha

Skill      XL: |  1  2  3  4  5 |
---------------+----------------+-----
Fighting       | 3 |  3.1
Axes           | 3 4 |  4.0
Armour         | 4 |  4.1
Shields        | 4 |  4.2
Dodging        | 1 |  1.4
Throwing       | |  0.3
Stealth        | |  0.3

Action                   |  1- 3 |  4- 6 || total
-------------------------+-------+-------++-------
Melee: War axe           |    88 |   163 ||   251
Throw: Dart              |       |    41 ||    41
 Abil: Heal Wounds       |       |     5 ||     5
  Use: Scroll            |       |     4 ||     4
       Potion            |       |     1 ||     1
  Eat: Chunk             |     2 |     1 ||     3
       Ration            |       |     1 ||     1
Armor: Scale mail        |    53 |    46 ||    99
Dodge: Dodged            |    28 |    40 ||    68
Block: Kite shield       |    55 |    82 ||   137
